 Dungeon Crawl Stone Soup version 0.27-a0-1191-g601b473118 (webtiles) character file.

Game seed: 3910233388187532991

14 robertstho the Magician (level 2, 0/21 HPs)
             Began as a Djinni Fire Elementalist on May 24, 2021.
             Slain by a giant cockroach (2 damage)
             ... on level 1 of the Dungeon.
             The game lasted 00:01:17 (1164 turns).

robertstho the Magician (Djinni Fire Elementalist)  Turns: 1164, Time: 00:01:18

Health: 0/21       AC:  2    Str:  7    XL:     2   Next: 55%
Gold:   8          EV: 12    Int: 16    God:
                   SH:  0    Dex: 13

rFire    + + .     SeeInvis .   c - +2 dagger (holy)
rCold    x . .     Faith    .   (no shield)
rNeg     . . .     Spirit   .   a - +0 robe
rPois    ∞         Reflect  .   (no helmet)
rElec    .         Harm     .   (no cloak)
rCorr    .         Rampage  .   (no gloves)
Will     .....                  (boots unavailable)
Stlth    ++........             (no amulet)
HPRegen  0.07/turn              (no ring)
MPRegen  0.00/turn              (no ring)

@: flying
A: sickness immunity, fire resistance 2, cold vulnerability 1, float, innate
caster, hp casting, extra vitality 1
a: no special abilities


You were on level 1 of the Dungeon.
You visited 1 branch of the dungeon, and saw 1 of its levels.

You collected 8 gold pieces.

Inventory:

Hand Weapons
 c - a +2 dagger of holy wrath (weapon)
Missiles
 e - 2 throwing nets
Armour
 a - a +0 robe (worn)
Scrolls
 g - a scroll of identify {unknown}


   Skills:
 + Level 2.2 Dodging
 + Level 1.6 Stealth
 * Level 3.0 Spellcasting


You couldn't memorise any spells.
You knew the following spells:

 Your Spells              Type           Power      Damage    Failure   Level
a - Foxfire               Conj/Fire      48%        2x1d6     5%          1
b - Conjure Flame         Conj/Fire      12%        6-21      16%         3
c - Inner Flame           Hex/Fire       12%        N/A       16%         3
d - Sticky Flame          Conj/Fire      12%        2d4       47%         4
e - Fireball              Conj/Fire      6%         3d5       83%         5
Your spell library was empty.

Dungeon Overview and Level Annotations

Branches:
Dungeon (1/15)

Altars:


Innate Abilities, Weirdness & Mutations

You are immune to sickness and miasma.
You are immune to poison.
Your flesh is very heat resistant. (rF++)
You are vulnerable to cold. (rC-)
You float through the air rather than walking.
You learn spells naturally, not from books.
Your magical power is your life essence.
You have superior vitality. (+4 HP)


Message History

The jackal closely misses you. The giant cockroach barely misses you.
Unknown command.
You hit the giant cockroach but do no damage.
The jackal closely misses you. The giant cockroach barely misses you.
The jackal bites you but does no damage.
You hit the giant cockroach but do no damage.
The giant cockroach barely misses you. The jackal bites you.
You hit the giant cockroach but do no damage.
The giant cockroach misses you. The jackal closely misses you.
The giant cockroach bites you but does no damage.
The jackal misses you.
You closely miss the giant cockroach. The jackal misses you.
The giant cockroach bites you.
You hit the giant cockroach.
The giant cockroach is moderately wounded.
The jackal bites you. The giant cockroach bites you.
* * * LOW HITPOINT WARNING * * *
You closely miss the giant cockroach.
The giant cockroach is moderately wounded.
The jackal barely misses you. The giant cockroach misses you.
The jackal bites you.
* * * LOW HITPOINT WARNING * * *
You aren't carrying any potions.
As you read the scroll labelled UMEESTR KAIFF, it crumbles to dust.
You hear a loud clanging noise!
It was a scroll of noise.
The giant cockroach bites you but does no damage.
The jackal completely misses you.
As you read the scroll labelled WUPAAH WAUMA, it crumbles to dust.
It is a scroll of amnesia.
You feel forgetful for a moment. The giant cockroach bites you.
* * * LOW HITPOINT WARNING * * *
The jackal closely misses you. The giant cockroach barely misses you.
The jackal bites you.
* * * LOW HITPOINT WARNING * * *
Unknown command.
This is a scroll of acquirement!
Something appears before you! The jackal misses you.
The giant cockroach bites you.
You die...

#..............#
#.##.#############
#.##.#......#
#.##.##.###g#
#.##.##.# #.#
#.##.##.# #h#
#.##.##.# #J#
#B##.##.# #.#
#@##.##.###.##
#.hJh†..(....#
#.#####.##.######
#.......##.#
##########.#
#.##########
#...Jh.g....
#.########## ###


You could see an endoplasm, 2 jackals and a giant cockroach.

Vanquished Creatures
  A dart slug (D:1)
  2 endoplasms (D:1)
  A goblin (D:1)
  2 kobolds (D:1)
  A quokka (D:1)
  A bat (D:1)
  A frilled lizard (D:1)
  2 rats (D:1)
11 creatures vanquished.

Vanquished Creatures (others)
  51 foxfires (D:1)
51 creatures vanquished.

Grand Total: 62 creatures vanquished

Notes
Turn   | Place    | Note
-------+----------+-------------------------------------------
     0 | D:1      | robertstho the Djinni Fire Elementalist began the quest for
                  | the Orb.
     0 | D:1      | Reached XP level 1. HP: 15/15 MP: 0/0
   571 | D:1      | Reached XP level 2. HP: 14/21 MP: 0/0
   976 | D:1      | Found a faded altar of an unknown god.
  1018 | D:1      | Reached skill level 3 in Spellcasting
  1164 | D:1      | Identified a scroll of acquirement
  1164 | D:1      | Acquired the ring of Wugoov {Fly rF+}
  1164 | D:1      | Slain by a giant cockroach

Illustrated notes

Levels and vault maps discovered:
D:1:      minmay_arrival_checkered_box, layout_basic,
          ebering_ecumenical_altar_abandoned

Skill      XL: |  1  2 |
---------------+-------+-----
Spellcasting   | 3 |  3.0
Dodging        | |  2.2
Stealth        | |  1.6

Action                   || total
-------------------------++-------
Melee: Dagger            ||     7
 Cast: Foxfire           ||    38
  Use: Scroll            ||     3
Armor: Robe              ||     6
Dodge: Dodged            ||    37

Table legend: (Time is in decaauts)
 A = Elapsed time spent in this place.
 B = Non-inter-level travel time spent in this place.
 C = Inter-level travel time spent in this place.
 D = Time resting spent in this place.
 E = Time spent auto-exploring this place.
 F = Levels seen in this place.
 G = Mean time per level.
                   A        B        C        D        E       F      G
               +--------+--------+--------+--------+--------+-----+--------+
         Total |   1163 |   1163 |      0 |      0 |    985 |   1 | 1163.0 |
       Dungeon |   1163 |   1163 |      0 |      0 |    985 |   1 | 1163.0 |
               +--------+--------+--------+--------+--------+-----+--------+

Top non-repeatable levels by time:
     D:1: 1163 daAuts
